NCAA
XAVIER MUSKETEERS @ TEXAS CHRISTIAN HORNED FROGS
04/22/2030
 
TOP OF THE 1ST
Xavier Musketeers batting - Pitching for Texas Christian Horned Frogs : RHP Chad Adams
Pitching: RHP Chad Adams
Batting: RHB Dillon Farley 0-0: Ball
1-0: Called Strike
1-1: Ball
2-1: Ball
3-1: Base on Balls
Batting: RHB Edmund Kline 0-0: Called Strike
0-1: Called Strike
0-2: Ground out 5-3 (Groundball, 56S)
Dillon Farley to second
Batting: SHB Orlando Lópes 0-0: Called Strike
0-1: Ball
1-1: Ball
2-1: Called Strike
2-2: Ball
3-2: Strikes out looking
Batting: LHB Bobby Ryan 0-0: Called Strike
0-1: Ball
1-1: Ground out 6-3 (Groundball, 6)
Top of the 1st over - 0 runs, 0 hits, 0 errors, 1 left on base; Xavier 0 - Texas Christian 0
BOTTOM OF THE 1ST
Texas Christian Horned Frogs batting - Pitching for Xavier Musketeers : RHP Will Madden
Pitching: RHP Will Madden
Batting: RHB Stanton Collins 0-0: Swinging Strike
0-1: Ball
1-1: Ball
2-1: Ball
3-1: Ground out 6-3 (Groundball, 6)
Batting: LHB José Martínez 0-0: Ball
1-0: Ball
2-0: Ball
3-0: Called Strike
3-1: Fly out, F3 (Popup, 3)
Batting: LHB Perry Hayward 0-0: Called Strike
0-1: Ball
1-1: Foul Ball, location: 2F
1-2: SINGLE (Line Drive, 6MD)
Batting: LHB Peter Smith 0-0: Foul Ball, location: 2F
0-1: Ball
1-1: Ball
2-1: Fielders Choice at 2nd, 5-4 (Groundball, 5)
Bottom of the 1st over - 0 runs, 1 hit, 0 errors, 1 left on base; Xavier 0 - Texas Christian 0
TOP OF THE 2ND
Xavier Musketeers batting - Pitching for Texas Christian Horned Frogs : RHP Chad Adams
Batting: LHB Jorge González 0-0: Swinging Strike
0-1: Ball
1-1: Ball
2-1: Ground out 4-3 (Groundball, 4)
Batting: RHB Curt Lloyd 0-0: Ground out 1-3 (Groundball, P)
Batting: LHB Johnny Beach 0-0: Called Strike
0-1: Ball
1-1: Ground out 4-3 (Groundball, 4)
Top of the 2nd over - 0 runs, 0 hits, 0 errors, 0 left on base; Xavier 0 - Texas Christian 0
BOTTOM OF THE 2ND
Texas Christian Horned Frogs batting - Pitching for Xavier Musketeers : RHP Will Madden
Batting: LHB Fernando Medina 0-0: Ball
1-0: Ball
2-0: Called Strike
2-1: Foul Ball, location: 2F
2-2: Ball
3-2: Fly out, F7 (Flyball, 7LM)
Batting: RHB José Sandoval 0-0: Called Strike
0-1: Swinging Strike
0-2: Ball
1-2: Foul Ball, location: 2F
1-2: Strikes out swinging
Batting: LHB Joaquín Trejo 0-0: Ball
1-0: Ball
2-0: Ball
3-0: Base on Balls
Batting: LHB Donald Armstrong 0-0: Ball
1-0: Fly out, F9 (Flyball, 9D)
Bottom of the 2nd over - 0 runs, 0 hits, 0 errors, 1 left on base; Xavier 0 - Texas Christian 0
TOP OF THE 3RD
Xavier Musketeers batting - Pitching for Texas Christian Horned Frogs : RHP Chad Adams
Batting: RHB Aaron Keller 0-0: Called Strike
0-1: Ball
1-1: Ball
2-1: Foul Ball, location: 2F
2-2: Ball
3-2: Foul Ball, location: 2F
3-2: Strikes out swinging
Batting: RHB Albert Smedley 0-0: Ball
1-0: Called Strike
1-1: Swinging Strike
1-2: Ball
2-2: Ground out 1-3 (Groundball, 15)
Batting: RHB Dillon Farley 0-0: Ball
1-0: Called Strike
1-1: Foul Ball, location: 2F
1-2: Ball
2-2: Strikes out swinging
Top of the 3rd over - 0 runs, 0 hits, 0 errors, 0 left on base; Xavier 0 - Texas Christian 0
BOTTOM OF THE 3RD
Texas Christian Horned Frogs batting - Pitching for Xavier Musketeers : RHP Will Madden
Batting: RHB Lee Elliott 0-0: Called Strike
0-1: Ball
1-1: Fly out, F7 (Flyball, 7LDF)
Batting: RHB Stanton Collins 0-0: Ball
1-0: Swinging Strike
1-1: Ball
2-1: Swinging Strike
2-2: SOLO HOME RUN (Flyball, 7LD), Distance : 375 ft
Batting: LHB José Martínez 0-0: Called Strike
0-1: Ball
1-1: Ball
2-1: Foul Ball, location: 2F
2-2: Strikes out swinging
Batting: LHB Perry Hayward 0-0: Ball
1-0: Ball
2-0: Called Strike
2-1: Foul Ball, location: 2F
2-2: DOUBLE (Groundball, 3L)
Batting: LHB Peter Smith 0-0: Ball
1-0: Called Strike
1-1: Ball
2-1: Foul Ball, location: 2F
2-2: Strikes out swinging
Bottom of the 3rd over - 1 run, 2 hits, 0 errors, 1 left on base; Xavier 0 - Texas Christian 1
TOP OF THE 4TH
Xavier Musketeers batting - Pitching for Texas Christian Horned Frogs : RHP Chad Adams
Batting: RHB Edmund Kline 0-0: Ball
1-0: Ground out U3 (Groundball, 3L)
Batting: SHB Orlando Lópes 0-0: Ball
1-0: Swinging Strike
1-1: Foul Ball, location: 2F
1-2: Ball
2-2: Strikes out swinging
Batting: LHB Bobby Ryan 0-0: Foul Ball, location: 2F
0-1: SINGLE (Line Drive, 9S)
Batting: LHB Jorge González 0-0: Ball
1-0: Ball
2-0: Foul Ball, location: 2F
2-1: Foul Ball, location: 2F
2-2: DOUBLE (Line Drive, 7LD)
Bobby Ryan to third
Runner from 3rd tries for Home, SAFE, no throw
Batting: RHB Curt Lloyd 0-0: Ball
1-0: 2-RUN HOME RUN (Flyball, 7LD), Distance : 380 ft
Batting: LHB Johnny Beach 0-0: Foul Ball, location: 2F
0-1: Called Strike
0-2: Ball
1-2: Ball
2-2: Foul Ball, location: 2F
2-2: Strikes out swinging
Top of the 4th over - 3 runs, 3 hits, 0 errors, 0 left on base; Xavier 3 - Texas Christian 1
BOTTOM OF THE 4TH
Texas Christian Horned Frogs batting - Pitching for Xavier Musketeers : RHP Will Madden
Batting: LHB Fernando Medina 0-0: Foul Ball, location: 2F
0-1: Ball
1-1: Called Strike
1-2: Strikes out swinging
Batting: RHB José Sandoval 0-0: Ground out 5-3 (Groundball, 56)
Batting: LHB Joaquín Trejo 0-0: Ball
1-0: Foul Ball, location: 2F
1-1: Ball
2-1: Foul Ball, location: 2F
2-2: Foul Ball, location: 2F
2-2: Ball
3-2: SINGLE (Flyball, 8LS)
Batting: LHB Donald Armstrong 0-0: Called Strike
0-1: Foul Ball, location: 2F
0-2: Ball
1-2: Ball
2-2: Foul Ball, location: 2F
2-2: Strikes out swinging
Bottom of the 4th over - 0 runs, 1 hit, 0 errors, 1 left on base; Xavier 3 - Texas Christian 1
TOP OF THE 5TH
Xavier Musketeers batting - Pitching for Texas Christian Horned Frogs : RHP Chad Adams
Batting: RHB Aaron Keller 0-0: Ground out 4-3 (Groundball, 34)
Batting: RHB Albert Smedley 0-0: DOUBLE (Line Drive, 9LS)
Batting: RHB Dillon Farley 0-0: Called Strike
0-1: Ball
1-1: Called Strike
1-2: Ball
2-2: Foul Ball, location: 2F
2-2: Strikes out swinging
Batting: RHB Edmund Kline 0-0: Ball
1-0: Ball
2-0: Foul Ball, location: 2F
2-1: Foul Ball, location: 2F
2-2: SINGLE (Groundball, 6MD)
Albert Smedley to third
Runner from 3rd tries for Home, throw and OUT!
Top of the 5th over - 0 runs, 2 hits, 0 errors, 1 left on base; Xavier 3 - Texas Christian 1
BOTTOM OF THE 5TH
Texas Christian Horned Frogs batting - Pitching for Xavier Musketeers : RHP Will Madden
Batting: RHB Lee Elliott 0-0: SINGLE (Flyball, 5D)
Batting: RHB Stanton Collins 0-0: Foul Ball, location: 2F
0-1: Ball
1-1: Ball
Lee Elliott steals 2nd base
2-1: 2-RUN HOME RUN (Flyball, 78XD), Distance : 433 ft
Pitching: RHP David Munger
Batting: LHB José Martínez 0-0: Foul Ball, location: 2F
0-1: Foul Ball, location: 2F
0-2: Foul Ball, location: 2F
0-2: Ball
1-2: Strikes out swinging
Batting: LHB Perry Hayward 0-0: Called Strike
0-1: Swinging Strike
0-2: SINGLE (Groundball, 25) (infield hit)
Batting: LHB Peter Smith 0-0: Ball
Perry Hayward is caught stealing 2nd base
1-0: Swinging Strike
1-1: Ball
2-1: Called Strike
2-2: Ground out 6-3 (Groundball, 6)
Bottom of the 5th over - 2 runs, 3 hits, 0 errors, 0 left on base; Xavier 3 - Texas Christian 3
TOP OF THE 6TH
Xavier Musketeers batting - Pitching for Texas Christian Horned Frogs : RHP Chad Adams
Batting: SHB Orlando Lópes 0-0: Called Strike
0-1: DOUBLE (Line Drive, 89D)
Batting: LHB Bobby Ryan 0-0: Intentional Walk
Batting: LHB Jorge González 0-0: Ball
1-0: Foul Ball, location: 2F
1-1: Reached on error, E6 (Groundball, 6M)
Orlando Lópes to third
Bobby Ryan to second
Pitching: RHP Robby Fox
Batting: RHB Curt Lloyd 0-0: Ball
1-0: SINGLE (Line Drive, 6M)
Orlando Lópes scores
Bobby Ryan to third
Jorge González to second
Batting: LHB Johnny Beach 0-0: Called Strike
0-1: Called Strike
0-2: GRAND SLAM HOME RUN (Flyball, 9D), Distance : 382 ft
Batting: RHB Aaron Keller 0-0: Called Strike
0-1: Fly out, F9 (Flyball, 9LDF)
Batting: RHB Albert Smedley 0-0: Foul Ball, location: 2F
0-1: Ball
1-1: Swinging Strike
1-2: Ball
2-2: Fly out, F6 (Line Drive, 6MD)
Batting: RHB Dillon Farley 0-0: Ground out 6-3 (Groundball, 56D)
Top of the 6th over - 5 runs, 3 hits, 1 error, 0 left on base; Xavier 8 - Texas Christian 3
BOTTOM OF THE 6TH
Texas Christian Horned Frogs batting - Pitching for Xavier Musketeers : RHP David Munger
Batting: LHB Fernando Medina 0-0: Ball
1-0: Ball
2-0: Ball
3-0: Called Strike
3-1: SOLO HOME RUN (Flyball, 9D), Distance : 369 ft
Batting: RHB José Sandoval 0-0: Called Strike
0-1: Swinging Strike
0-2: Ball
1-2: Foul Ball, location: 2F
1-2: SINGLE (Line Drive, 4MD)
Batting: LHB Joaquín Trejo 0-0: Foul Ball, location: 2F
0-1: Ball
Balk!
José Sandoval to second
1-1: Ball
2-1: Ground out 4-3 (Groundball, 34)
José Sandoval to third
Batting: LHB Donald Armstrong 0-0: SINGLE (Line Drive, 9S)
José Sandoval scores
Pitching: LHP Marvin Walker
Batting: RHB Lee Elliott 0-0: Ball
1-0: Ball
2-0: Called Strike
2-1: DOUBLE (Line Drive, 8RD)
Donald Armstrong to third
Runner from 3rd tries for Home, SAFE, no throw
Batting: RHB Stanton Collins 0-0: Ground out 4-3 (Groundball, 4)
Lee Elliott to third
Batting: LHB José Martínez 0-0: Swinging Strike
0-1: Ball
1-1: Called Strike
1-2: Strikes out looking
Bottom of the 6th over - 3 runs, 4 hits, 0 errors, 1 left on base; Xavier 8 - Texas Christian 6
TOP OF THE 7TH
Xavier Musketeers batting - Pitching for Texas Christian Horned Frogs : RHP Robby Fox
Pitching: RHP Max Shepard
Batting: RHB Edmund Kline 0-0: Called Strike
0-1: Ball
1-1: Called Strike
1-2: Strikes out swinging
Batting: SHB Orlando Lópes 0-0: Ball
1-0: Ball
2-0: Ball
3-0: Called Strike
3-1: Foul Ball, location: 2F
3-2: Foul Ball, location: 2F
3-2: Reached on error, E6 (Popup, 56D)
Batting: LHB Bobby Ryan 0-0: Ball
1-0: Ball
2-0: Called Strike
2-1: Ball
3-1: SINGLE (Groundball, 56D)
Orlando Lópes to second
Batting: LHB Jorge González 0-0: Ball
1-0: Ball
2-0: Called Strike
2-1: Ball
3-1: Called Strike
3-2: Base on Balls
Orlando Lópes to third
Bobby Ryan to second
Batting: RHB Curt Lloyd 0-0: Called Strike
0-1: Fly out, F7 (Flyball, 7)
Pinch Hitting: LHB Duncan Sharp 0-0: Ball
1-0: Ground out U3 (Groundball, 3)
Top of the 7th over - 0 runs, 1 hit, 1 error, 3 left on base; Xavier 8 - Texas Christian 6
BOTTOM OF THE 7TH
Texas Christian Horned Frogs batting - Pitching for Xavier Musketeers : LHP Marvin Walker
Now at 1B: Duncan Sharp
Batting: LHB Perry Hayward 0-0: Ball
1-0: Ball
2-0: Ball
3-0: Base on Balls
Batting: LHB Peter Smith 0-0: Ball
1-0: Foul Ball, location: 2F
1-1: Ball
2-1: Ball
3-1: Fly out, F7 (Line Drive, 7D)
Batting: LHB Fernando Medina 0-0: Ball
1-0: Called Strike
1-1: Ball
2-1: Fielders Choice at 2nd, 1-4 (Groundball, 15S)
Batting: RHB José Sandoval 0-0: Called Strike
0-1: Ground out 4-3 (Groundball, 34)
Bottom of the 7th over - 0 runs, 0 hits, 0 errors, 1 left on base; Xavier 8 - Texas Christian 6
TOP OF THE 8TH
Xavier Musketeers batting - Pitching for Texas Christian Horned Frogs : RHP Max Shepard
Batting: RHB Aaron Keller 0-0: Ball
1-0: Ball
2-0: Called Strike
2-1: Swinging Strike
2-2: Ball
3-2: Strikes out swinging
Batting: RHB Albert Smedley 0-0: Ball
1-0: Ball
2-0: Ball
3-0: Base on Balls
Batting: RHB Dillon Farley 0-0: Called Strike
0-1: Called Strike
0-2: Ball
1-2: Ball
2-2: Foul Ball, location: 2F
2-2: Fly out, F8 (Flyball, 8RS)
Batting: RHB Edmund Kline 0-0: Ball
1-0: Called Strike
1-1: Fly out, F8 (Flyball, 8LD)
Top of the 8th over - 0 runs, 0 hits, 0 errors, 1 left on base; Xavier 8 - Texas Christian 6
BOTTOM OF THE 8TH
Texas Christian Horned Frogs batting - Pitching for Xavier Musketeers : LHP Marvin Walker
Batting: LHB Joaquín Trejo 0-0: Ball
1-0: Foul Ball, location: 2F
1-1: Foul Ball, location: 2F
1-2: Foul Ball, location: 2F
1-2: Strikes out swinging
Batting: LHB Donald Armstrong 0-0: Called Strike
0-1: Ball
1-1: Ball
2-1: Swinging Strike
2-2: Ball
3-2: SOLO HOME RUN (Flyball, 9D), Distance : 378 ft
Batting: RHB Lee Elliott 0-0: Ball
1-0: SINGLE (Groundball, 4MD)
Pitching: LHP António Muñóz
Batting: RHB Stanton Collins 0-0: Called Strike
0-1: Foul Ball, location: 2F
0-2: Ball
1-2: Strikes out swinging
Batting: LHB José Martínez 0-0: Called Strike
0-1: Ball
1-1: Ball
2-1: Called Strike
2-2: Strikes out swinging
Bottom of the 8th over - 1 run, 2 hits, 0 errors, 1 left on base; Xavier 8 - Texas Christian 7
TOP OF THE 9TH
Xavier Musketeers batting - Pitching for Texas Christian Horned Frogs : RHP Max Shepard
Batting: SHB Orlando Lópes 0-0: Ball
1-0: Ball
2-0: Foul Ball, location: 2F
2-1: Foul Ball, location: 2F
2-2: Fly out, F6 (Popup, 6MS)
Batting: LHB Bobby Ryan 0-0: Called Strike
0-1: Ball
1-1: Ball
2-1: Foul Ball, location: 2F
2-2: Ball
3-2: Base on Balls
Pitching: RHP Michael Hartley
Batting: LHB Jorge González 0-0: Swinging Strike
0-1: Swinging Strike
0-2: Ball
1-2: Ground out 3-1 (Groundball, 34S)
Bobby Ryan to second
Batting: RHB Curt Lloyd 0-0: SINGLE (Line Drive, 8LS)
Bobby Ryan to third
Runner from 3rd tries for Home, SAFE, no throw
Batting: LHB Duncan Sharp 0-0: Ball
1-0: Swinging Strike
1-1: Called Strike
1-2: SINGLE (Line Drive, 6MD)
Curt Lloyd to second
Runner from 2nd tries for 3rd, SAFE, throw made to third
Batting: RHB Aaron Keller 0-0: Ball
1-0: Foul Ball, location: 2F
1-1: Ball
2-1: Ball
3-1: Foul Ball, location: 2F
3-2: Base on Balls
Duncan Sharp to second
Pinch Hitting: LHB Don Ellis 0-0: Foul Ball, location: 2F
0-1: Swinging Strike
0-2: Foul Ball, location: 2F
0-2: Ball
1-2: Ball
2-2: Ball
3-2: Strikes out swinging
Top of the 9th over - 1 run, 2 hits, 0 errors, 3 left on base; Xavier 9 - Texas Christian 7
BOTTOM OF THE 9TH
Texas Christian Horned Frogs batting - Pitching for Xavier Musketeers : LHP António Muñóz
Pitching: RHP Júlio Rodríguez
Now in CF: Greg Richards
Batting: LHB Perry Hayward 0-0: Called Strike
0-1: Ball
1-1: Ball
2-1: Swinging Strike
2-2: Fly out, F7 (Flyball, 7LS)
Now in LF: Larry Brantley
Batting: LHB Peter Smith 0-0: Ball
1-0: Ball
2-0: Swinging Strike
2-1: Ball
3-1: Base on Balls
Batting: LHB Fernando Medina 0-0: Ball
1-0: Ball
2-0: SINGLE (Groundball, 3D)
Peter Smith to second
Batting: RHB José Sandoval 0-0: Ball
1-0: Foul Ball, location: 2F
1-1: Ball
2-1: Ball
3-1: Base on Balls
Peter Smith to third
Fernando Medina to second
Pitching: RHP Tom Shepherd
Batting: LHB Joaquín Trejo 0-0: Foul Ball, location: 2F
0-1: Ball
Wild Pitch!
Peter Smith scores
Fernando Medina to third
José Sandoval to second
1-1: Ball
2-1: Foul Ball, location: 2F
2-2: Fly out, F6 (Line Drive, 6)
Lined into DP, 6-4 (Line Drive, 6)
Bottom of the 9th over - 1 run, 1 hit, 0 errors, 1 left on base; Xavier 9 - Texas Christian 8
Saturday, April 7th, 2018 - OOTP Baseball 18.8 Build 76